 Dungeon Crawl Stone Soup version 0.30-a0-632-g346586fe48 (webtiles) character file.

Game seed: 12736887205775193278

75 IdlyInterested the Trooper (level 4, -3/35 HPs)
             Began as a Demonspawn Fighter on Jan 13, 2023.
             Slain by an ogre
             ... wielding a +0 giant club
              (19 damage)
             ... on level 3 of the Dungeon.
             The game lasted 00:05:03 (1999 turns).

IdlyInterested the Trooper (Demonspawn Fighter)     Turns: 1999, Time: 00:05:03

Health: -3/35      AC:  8    Str: 17    XL:     4   Next: 11%
Magic:  4/4        EV:  6    Int: 11    God:
Gold:   108        SH:  4    Dex: 14    Spells: 3/3 levels left

rFire   . . .      SeeInvis .    a - +0 trident
rCold   . . .      Faith    .    c - +0 buckler
rNeg    . . .      Spirit   .    f - +0 chain mail
rPois   .          Reflect  .    (no helmet)
rElec   .          Harm     .    (no cloak)
rCorr   .          Rampage  .    (no gloves)
Will    .....                    (no boots) Stlth
                                 (no amulet)
HPRegen 0.25/turn                (no ring)
MPRegen 0.09/turn                (no ring)

@: no status effects
A: claws 1, ignite blood 1, big brain 1
a: no special abilities


You were on level 3 of the Dungeon.
You visited 1 branch of the dungeon, and saw 3 of its levels.

You collected 108 gold pieces.

Inventory:

Hand Weapons
 a - a +0 trident (weapon)
 g - a +0 rapier
Missiles
 j - 5 poisoned darts
 o - 14 stones (quivered)
Armour
 c - a +0 buckler (worn)
 f - a +0 chain mail (worn)
Magical Staves
 k - a staff of cold
Scrolls
 e - 4 scrolls of teleportation {unknown}
 l - a scroll of acquirement {unknown}
 n - a scroll of identify {unknown}
 q - a scroll of enchant weapon {unknown}
Potions
 d - 2 potions of might
 h - a potion of curing {unknown}
 i - a potion of berserk rage {unknown}
 m - a potion of resistance {unknown}
 p - a potion of flight {unknown}


   Skills:
 + Level 3.5 Fighting
 * Level 3.2 Polearms
 - Level 2.6 Armour
 * Level 0.6 Dodging
 - Level 1.0 Stealth
 - Level 2.6 Shields


You had 3 spell levels left.
You didn't know any spells.
Your spell library contained the following spells:

 Spells                   Type           Power      Damage    Failure   Level
 Sting                    Tmut/Pois      0%         1d3       100%        1
 Poisonous Vapours        Pois/Air       0%         N/A       100%        2
 Inner Flame              Hex/Fire       0%         N/A       100%        3
 Cause Fear               Hex            0%         N/A       100%        4
 Olgreb's Toxic Radiance  Pois           0%         N/A       100%        4
 Discord                  Hex            0%         N/A       100%        8


Dungeon Overview and Level Annotations

Branches:
Dungeon (3/15)

Altars:

Shops:
D:1 =


Innate Abilities, Weirdness & Mutations

You have sharp fingernails.
Your demonic aura sometimes causes spilled blood to erupt in flames.
You have an unusually large brain. (Int +2)


Message History

Done exploring.
You drop a +0 scale mail.
There is an open door here.
There is a stone staircase leading down here.
You climb downwards.
Found a scroll labelled PAOSEU MUILU and 20 gold pieces.
There is a stone staircase leading up here.
Reach: a) +0 trident
Press: ? - help, Dir - move target, f - dart slug
Aim: a dart slug (about 7% to evade your +0 trident)
You reach to attack!
You hit the dart slug.
The dart slug is lightly wounded.
Reach: a) +0 trident
Press: ? - help, Dir - move target, f/p - dart slug
Aim: a dart slug (lightly wounded, about 7% to evade your +0 trident)
You reach to attack!
You hit the dart slug.
The dart slug is heavily wounded.
You hit the dart slug.
The dart slug is almost dead.
You block the dart slug's attack.
You puncture the dart slug!
You kill the dart slug!
An ogre comes into view. It is wielding a +0 giant club.
The ogre shouts!
You see here 11 gold pieces.
You now have 108 gold pieces (gained 11).
Reach: a) +0 trident
Press: ? - help, Dir - move target, f - ogre
Aim: an ogre, wielding a +0 giant club (about 26% to evade your +0 trident)
You reach to attack!
You hit the ogre.
The ogre is lightly wounded.
The ogre hits you with a +0 giant club!!
Ouch! That really hurt!
You hit the ogre.
The ogre is lightly wounded.
You hit the ogre.
The ogre is moderately wounded.
The ogre hits you with a +0 giant club!!
Ouch! That really hurt!
You die...

... #.. ...
#.# .. .. #.#
..##.##.#
........#####
##..........#
.......O....#
##.....@....#
#...........#
............#
##..?..<....#
###.#.##..##
#..#. .## #.
.. .# ###..
.# ยง..


You could see an ogre.

Vanquished Creatures
  2 adders (D:2)
  A worm (D:2)
  A dart slug (D:3)
  4 endoplasms
  7 goblins
  9 hobgoblins
  3 jackals (D:1)
  3 quokkas (D:2)
  3 ball pythons
  4 bats
  A frilled lizard (D:1)
  5 kobolds (D:1)
  5 rats (D:1)
48 creatures vanquished.

Notes
Turn   | Place    | Note
-------+----------+-------------------------------------------
     0 | D:1      | IdlyInterested the Demonspawn Fighter began the quest for
                  | the Orb.
     0 | D:1      | Reached XP level 1. HP: 18/18 MP: 1/1
   111 | D:1      | Found Eqocaejuiss's Jewellery Emporium.
   157 | D:1      | Gained mutation: You have an unusually large brain. (Int
                  | +2) [demonic ancestry]
   157 | D:1      | Reached XP level 2. HP: 24/24 MP: 2/2
   220 | D:1      | You fall into a shaft and drop 1 floor!
   239 | D:2      | Reached skill level 1 in Stealth
   571 | D:1      | Gained mutation: You have sharp fingernails. [demonic
                  | ancestry]
   571 | D:1      | Reached XP level 3. HP: 29/29 MP: 3/3
  1402 | D:2      | Gained mutation: Your demonic aura sometimes causes spilled
                  | blood to erupt in flames. [demonic ancestry]
  1402 | D:2      | Reached XP level 4. HP: 35/35 MP: 4/4
  1993 | D:3      | Noticed an ogre
  1999 | D:3      | Slain by an ogre

Illustrated notes

Levels and vault maps discovered:
D:1:      wander_arrival_peaceful_grave, layout_loops_cross, serial_shops,
          shop_statue
D:2:      layout_basic, minmay_pentomino_r4
D:3:      layout_rooms, nzn_hepliaklqana_mist_gate, ebering_ghost_gozag,
          columned_hall_lemuel, chequers_hall_statues_wall_a, uniq_sigmund,
          uniq_crazy_yiuf_cottage

Skill      XL: |  1  2  3 |
---------------+----------+-----
Polearms       | 2 3 |  3.2
Stealth        | 1 |  1.0
Fighting       | |  3.5
Armour         | |  2.6
Dodging        | |  0.6
Shields        | |  2.6

Action                   |  1- 3 |  4- 6 || total
-------------------------+-------+-------++-------
Melee: Trident           |   152 |    23 ||   175
Armor: Scale mail        |     4 |       ||     4
       Chain mail        |    68 |     6 ||    74
Dodge: Dodged            |    46 |     7 ||    53
Block: Buckler           |    27 |     3 ||    30

Table legend: (Time is in decaauts)
 A = Elapsed time spent in this place.
 B = Non-inter-level travel time spent in this place.
 C = Inter-level travel time spent in this place.
 D = Time resting spent in this place.
 E = Time spent auto-exploring this place.
 F = Levels seen in this place.
 G = Mean time per level.
                   A        B        C        D        E       F      G
               +--------+--------+--------+--------+--------+-----+--------+
         Total |   2037 |   1877 |    160 |     44 |   1348 |   3 |  679.0 |
       Dungeon |   2037 |   1877 |    160 |     44 |   1348 |   3 |  679.0 |
               +--------+--------+--------+--------+--------+-----+--------+

Top non-repeatable levels by time:
     D:2: 1223 daAuts
     D:1: 801 daAuts
     D:3: 12 daAuts
